 Dungeon Crawl Stone Soup version 0.26-a0-683-g5206c1d7ac (webtiles) character file.

Game seed: 6754277239374562962

46451 DogServant the Brawler (level 14, -7/111 HPs)
             Began as a Ghoul Gladiator on Oct 22, 2020.
             Was a High Priest of Hepliaklqana.
             Mangled by a soul eater (16 damage)
             ... on level 2 of the Orcish Mines.
             The game lasted 00:33:34 (21813 turns).

DogServant the Brawler (Ghoul Gladiator)           Turns: 21813, Time: 00:33:35

Health: -7/111     AC: 15    Str: 27    XL:     14   Next: 37%
Magic:  17/19      EV: 12    Int:  3    God:    Hepliaklqana [*****.]
Gold:   1286       SH:  0    Dex: 12    Spells: 13/13 levels left

rFire    . . .     SeeInvis .     - Unarmed
rCold    + . .     Faith    .   (no shield)
rNeg     + + +     Spirit   .   C - +0 chain mail
rPois    ∞         Reflect  .   K - +2 hat
rElec    +         Harm     .   (no cloak)
rCorr    .         Rampage  .   O - +0 pair of gloves of the Hunter {rElec}
MR       ++...                  g - +0 pair of boots
Stlth    ..........             (no amulet)
HPRegen  0.00/turn              a - +6 ring of strength
MPRegen  0.16/turn              t - ring of protection from magic

@: no status effects
A: rotting body, reduced essence, claws 1, cold resistance 1, negative energy
resistance 3, inhibited regeneration, torment resistance, unbreathing
a: Recall Ancestor, Ancestor Identity, Transference, Idealise, Renounce Religion


You were on level 2 of the Orcish Mines.
You worshipped Hepliaklqana.
Hepliaklqana was extremely pleased with you.
You visited 3 branches of the dungeon, and saw 20 of its levels.
You also visited: Sewer and Ice Cave.

You collected 1518 gold pieces.
You spent 232 gold pieces at shops.

Inventory:

Missiles
 c - 7 throwing nets (quivered)
 d - 7 javelins
 h - 51 poisoned darts
Armour
 b - a +0 buckler
 g - a +0 pair of boots (worn)
 C - a +0 chain mail (worn)
 K - a +2 hat (worn)
 O - the +0 pair of gloves of the Hunter (worn) {rElec}
   (You found it on level 3 of the Lair of Beasts)

   It insulates you from electricity.
Jewellery
 a - a +6 ring of strength (left hand)
 k - a +4 ring of evasion
 t - a ring of protection from magic (right hand)
 L - an uncursed ring of ice
 P - an uncursed amulet of magic regeneration {unknown}
 R - an uncursed ring of ice
 S - an uncursed amulet of magic regeneration {unknown}
 U - an uncursed amulet of reflection {unknown}
Wands
 i - a wand of iceblast (14)
 r - a wand of flame (34)
 x - a wand of polymorph (28)
 E - a wand of random effects (33)
 G - a wand of acid (3)
 Q - a wand of paralysis (7)
Scrolls
 j - 4 scrolls of amnesia
 m - 5 scrolls of fog
 q - 4 scrolls of teleportation
 u - 2 scrolls of enchant weapon
 y - 3 scrolls of identify
 z - 7 scrolls of remove curse
 A - a scroll of torment {unknown}
 F - 2 scrolls of summoning
 J - 2 scrolls of enchant armour
 N - a scroll of blinking
 T - a scroll of magic mapping
Potions
 e - 2 potions of magic
 f - 2 potions of brilliance
 l - 4 potions of degeneration
 n - 3 potions of resistance
 o - a potion of flight {unknown}
 p - a potion of invisibility
 s - 6 potions of curing
 v - 2 potions of lignification
 w - 3 potions of might
 B - 2 potions of stabbing
 D - 3 potions of berserk rage
 H - 2 potions of haste {unknown}
 I - a potion of cancellation {unknown}
 M - 2 potions of heal wounds


   Skills:
 - Level 11.4 Fighting
 - Level 1.7 Throwing
 - Level 7.4 Armour
 + Level 7.5 Dodging
 + Level 3.4 Shields
 + Level 17.1 Unarmed Combat
 - Level 9.0 Invocations
 - Level 5.1 Evocations


You had 13 spell levels left.
You didn't know any spells.
Your spell library contained the following spells:

 Spells                   Type           Power        Failure   Level
 Animate Skeleton         Necr           #.....       97%         1
 Apportation              Tloc           #.....       97%         1
 Corona                   Hex            #......      97%         1
 Sandblast                Erth           #.....       97%         1
 Summon Small Mammal      Summ           #...         97%         1
 Passwall                 Tmut/Erth      #.......     99%         2
 Ignite Poison            Fire/Tmut/Pois #.......     100%        3
 Stone Arrow              Conj/Erth      #.....       100%        3
 Vampiric Draining        Necr           #.........   100%        3
 Animate Dead             Necr           #.........   100%        4
 Cause Fear               Hex            #.........   100%        4
 Fulminant Prism          Conj/Hex       #.........   100%        4
 Petrify                  Tmut/Erth      #.......     100%        4
 Fireball                 Conj/Fire      #.........   100%        5
 Lee's Rapid Deconstruct  Erth           #.........   100%        5
 Silence                  Hex/Air        #.........   100%        5
 Yara's Violent Unravell  Hex/Tmut       #.........   100%        5
 Freezing Cloud           Conj/Ice/Air   #.........   100%        6
 Starburst                Conj/Fire      #.........   100%        6
 Chain Lightning          Conj/Air       #.........   100%        8
 Discord                  Hex            #.........   100%        8
 Ignition                 Fire           #.........   100%        8
 Lehudib's Crystal Spear  Conj/Erth      #.........   100%        8
 Absolute Zero            Ice            #.........   100%        9
 Fire Storm               Conj/Fire      #.........   100%        9
 Sublimation of Blood     Necr           Unusable     N/A         2

Dungeon Overview and Level Annotations

Branches:
Dungeon (13/15)            Temple (0/1) D:5            Lair (5/6) D:8
 Shoals (0/4) Lair:4       Spider (0/4) Lair:2          Orc (2/2) D:12
  Sewer (visited)           IceCv (visited)
  Slime: Lair:5-6       Elf: Orc:2       Vaults: D:13-14

Altars:
Ashenzari
Dithmenos
Hepliaklqana
Makhleb
Trog
Xom
Beogh

Shops:
D:7 [   D:11 (*![   Orc:2 ?!

Portals:
Trove: D:10 (give 10 potions of heal wounds)

Annotations:
D:12 2 runed translucent doors, qipq's ghost, journeyman FoEE


Innate Abilities, Weirdness & Mutations

Your body is rotting away.
You thrive by killing the living.
You are immune to poison.
You have sharp fingernails.
Your flesh is cold resistant. (rC+)
You are immune to negative energy. (rN+++)
You do not regenerate when monsters are visible.
You are immune to unholy pain and torment.
You can survive without breathing.
Your life essence is reduced to manifest your ancestor. (-10% HP)


Message History

The orc warrior is severely wounded.
You punch the orc warrior!
The orc warrior is almost dead.
The orc warrior hits you with a +0 dire flail!
* * * LOW HITPOINT WARNING * * *
You hit the orc warrior.
The orc warrior is almost dead.
You punch the orc warrior!
You kill the orc warrior!
You feel better.
The soul eater hits you but does no damage.
You punch the soul eater!
The soul eater is almost dead.
The orc priest calls down the wrath of Beogh upon you.
Beogh smites you!
* * * LOW HITPOINT WARNING * * *
You hit the soul eater but do no damage.
The soul eater is almost dead.
The soul eater hits you!
You die...

.#.......#.)..#
.#.......#..)###
##...........#.#
##.......#.))..#
#...<..#####).##
......#.# ##...##
....#######.....##
......# #.....[.##
## .....##
#....##@)## .##
.#####
##...###3.## ..##
..#.# ##.## ##.o##
...# ....#.## ###
##o.##.oo #..
.......#
##))#)#.....
.......#
##)).......
......###
##)..#.#.#
........####
##......
##......#.<#
#..#.#


You could see a soul eater and 2 orc priests.

Vanquished Creatures
  Gastronok (Lair:2)
  Josephine (D:11)
  Harold (D:9)
  3 hydras
  2 two-headed ogres
  Urug (Lair:1)
  Nergalle (D:10)
  A fire crab (Lair:4)
  A soul eater (Orc:2)
  2 unseen horrors (D:12)
  A lindwurm (Lair:1)
  An orc knight (Orc:2)
  3 ugly things
  2 cyclopes (D:12)
  2 black mambas
  5 elephants (Lair:5)
  A gargoyle (D:10)
  7 cane toads
  Maggie (D:7)
  2 ice devils (Lair:1)
  3 komodo dragons
  A rime drake (Lair:2)
  A jumping spider (Lair:2)
  A troll (D:10)
  3 blink frogs (Lair:1)
  2 hornets
  8 polar bears
  11 dream sheep (Lair:4)
  A redback (Lair:2)
  2 shadows (D:12)
  A spriggan (D:12)
  5 wraiths
  4 wyverns
  32 yaks
  3 basilisks
  2 vampires
  2 wargs (Orc:1)
  10 water moccasins
  20 orc warriors
  5 phantoms
  4 ice beasts
  A sky beast (D:9)
  2 necrophages
  An eye of draining (D:10)
  8 ogres
  27 wolves
  A centaur (D:10)
  5 big kobolds
  10 bullfrogs
  4 scorpions
  5 wights (D:8)
  10 killer bees
  A bullfrog zombie (D:5)
  3 howler monkeys
  2 quasits
  5 jellies
  2 bullfrog skeletons
  13 orc priests
  6 hounds
  8 iguanas
  12 orc wizards
  6 worker ants
  6 ogre zombies (D:12)
  2 hound zombies
  A hound skeleton (D:4)
  7 gnolls
  19 adders
  A howler monkey skeleton (D:7)
  A shadow imp (D:6)
  3 ufetubi
  11 oozes
  2 worms (D:3)
  A dart slug (D:1)
  10 leopard geckos
  64 orcs
  13 ball pythons
  5 bats
  9 giant cockroaches
  7 hobgoblins
  19 kobolds
  8 quokkas
  13 frilled lizards
  10 goblins
  2 goblin skeletons (D:12)
  A goblin zombie (D:12)
  A hobgoblin skeleton (D:12)
  3 hobgoblin zombies (D:12)
  A jackal skeleton (D:5)
  A leopard gecko skeleton (D:4)
  3 orc skeletons (D:12)
  9 orc zombies (D:12)
  A quokka zombie (D:6)
  9 rats
535 creatures vanquished.

Vanquished Creatures (collateral kills)
  Fannar (Lair:2)
  An unseen horror (D:12)
  A manticore (D:11)
  An elephant (Lair:5)
  An ice statue (IceCv)
  A komodo dragon (Lair:4)
  A polar bear (IceCv)
  A redback (Lair:2)
  A wraith (D:11)
  A wyvern (D:8)
  3 yaks
  An ice beast (D:10)
  An orc warrior (Orc:2)
  2 black bears (D:8)
  2 wolves
  A bullfrog (Lair:4)
  A scorpion (D:10)
  A killer bee (D:12)
  A centaur zombie (D:10)
  A hound (D:10)
  An orc priest (D:12)
  An iguana (D:10)
  An orc wizard (Orc:2)
  An adder (D:12)
  A leopard gecko (D:9)
  9 orcs
  3 kobolds
41 creatures vanquished.

Vanquished Creatures (others)
  2 yaks (IceCv)
  2 ancestors
  11 hexers
  2 bushes (Lair:1)
  11 fungi
  24 plants
52 creatures vanquished.

Grand Total: 628 creatures vanquished

Notes
Turn   | Place    | Note
-------+----------+-------------------------------------------
     0 | D:1      | DogServant the Ghoul Gladiator began the quest for the Orb.
     0 | D:1      | Reached XP level 1. HP: 17/17 MP: 0/0
   135 | D:1      | Reached XP level 2. HP: 8/24 MP: 1/1
   139 | D:1      | Reached skill level 4 in Unarmed Combat
   722 | D:1      | Reached XP level 3. HP: 29/29 MP: 2/2
  1161 | D:2      | Reached skill level 5 in Unarmed Combat
  1258 | D:2      | Reached XP level 4. HP: 36/36 MP: 3/3
  1948 | D:3      | Reached skill level 6 in Unarmed Combat
  1948 | D:3      | Reached XP level 5. HP: 27/41 MP: 4/4
  2922 | D:4      | Reached skill level 7 in Unarmed Combat
  3072 | D:4      | Noticed an ogre
  3079 | D:4      | Killed an ogre
  3079 | D:4      | Reached XP level 6. HP: 48/48 MP: 5/5
  3173 | D:4      | Found a glowing drain.
  3193 | Sewer    | Entered a sewer
  3222 | Sewer    | Reached skill level 8 in Unarmed Combat
  3442 | Sewer    | Reached XP level 7. HP: 55/55 MP: 6/6
  3517 | Sewer    | Reached skill level 9 in Unarmed Combat
  3637 | D:5      | Entered Level 5 of the Dungeon
  3769 | D:5      | Found a hazy altar of Hepliaklqana.
  3775 | D:5      | You fall into a shaft and drop 1 floor!
  3775 | D:6      | Found a bloodstained altar of Trog.
  3775 | D:6      | Found a shimmering altar of Xom.
  4028 | D:6      | Reached XP level 8. HP: 61/61 MP: 7/7
  4118 | D:6      | Reached skill level 10 in Unarmed Combat
  4126 | D:6      | Found a shadowy altar of Dithmenos.
  4917 | D:7      | Reached skill level 5 in Dodging
  5091 | D:7      | Found Buuzarch's Armour Shoppe.
  5095 | D:7      | Bought a +0 pair of gloves of dexterity for 172 gold pieces
  5320 | D:7      | Reached XP level 9. HP: 67/67 MP: 8/8
  5380 | D:7      | Noticed Maggie
  5401 | D:7      | Killed Maggie
  5401 | D:7      | Reached skill level 11 in Unarmed Combat
  6097 | D:8      | Reached skill level 1 in Evocations
  6167 | D:8      | Found a staircase to the Lair.
  6459 | D:5      | Became a worshipper of Hepliaklqana the Forgotten
  6549 | D:5      | Found a staircase to the Ecumenical Temple.
  7014 | D:8      | Reached skill level 12 in Unarmed Combat
  7020 | D:8      | Reached XP level 10. HP: 58/72 MP: 9/9
  7278 | D:8      | Reached skill level 5 in Fighting
  8004 | D:9      | Noticed Harold
  8021 | D:9      | Killed Harold
  8257 | D:9      | Reached skill level 5 in Evocations
  8576 | D:9      | Reached * piety under Hepliaklqana
  9042 | D:8      | Reached skill level 1 in Armour
  9185 | D:8      | Found a broken altar of Ashenzari.
  9388 | D:10     | Entered Level 10 of the Dungeon
  9422 | D:10     | Noticed Nergalle
  9438 | D:10     | Killed Nergalle
  9438 | D:10     | Reached XP level 11. HP: 79/81 MP: 10/10
  9458 | D:10     | Reached ** piety under Hepliaklqana
  9459 | D:10     | Remembered your ancestor Ru as a hexer
  9497 | D:10     | Noticed a two-headed ogre
  9507 | D:10     | Killed a two-headed ogre
  9507 | D:10     | Reached skill level 5 in Armour
 10096 | D:10     | Found a portal to a secret trove of treasure.
 10726 | Lair:1   | Entered Level 1 of the Lair of Beasts
 10755 | Lair:1   | Reached skill level 13 in Unarmed Combat
 10877 | Lair:1   | Found a frozen archway.
 10948 | IceCv    | Entered an ice cave
 11378 | IceCv    | Reached XP level 12. HP: 49/92 MP: 11/11
 11850 | IceCv    | Reached skill level 14 in Unarmed Combat
 12388 | Lair:1   | Noticed a four-headed hydra
 12392 | Lair:1   | Killed a four-headed hydra
 12392 | Lair:1   | Reached skill level 10 in Fighting
 13297 | Lair:1   | Reached skill level 1 in Invocations
 13372 | Lair:1   | Noticed Urug
 13384 | Lair:1   | Killed Urug
 13384 | Lair:1   | Reached skill level 15 in Unarmed Combat
 13804 | Lair:2   | Noticed Gastronok
 13815 | Lair:2   | Killed Gastronok
 13815 | Lair:2   | Reached XP level 13. HP: 72/104 MP: 12/14
 14019 | Lair:2   | Noticed Fannar
 14032 | Lair:2   | Killed Fannar
 14104 | Lair:2   | Reached *** piety under Hepliaklqana
 14247 | Lair:2   | Found a hole to the Spider Nest.
 14885 | Lair:3   | Reached skill level 5 in Invocations
 15509 | Lair:3   | Got a pair of pitted gloves
 15520 | Lair:3   | Identified the cursed +0 pair of gloves of the Hunter
                  | {rElec} (You found it on level 3 of the Lair of Beasts)
 16222 | Lair:4   | Found a staircase to the Shoals.
 16224 | Lair:4   | Identified the Guide on Conjuration and Evil
 16254 | Lair:4   | Reached **** piety under Hepliaklqana
 16343 | Lair:4   | Reached skill level 16 in Unarmed Combat
 18070 | D:11     | Found Reunur's Armour Emporium.
 18287 | D:11     | Found Oqahyi's Antique Weapon Boutique.
 18292 | D:11     | Found Judel's General Store.
 18315 | D:11     | Noticed Josephine
 18335 | D:11     | Killed Josephine
 18511 | D:11     | Found a burning altar of Makhleb.
 18511 | D:11     | Noticed a green death
 18881 | D:11     | Found Xumuo's Distillery.
 18889 | D:11     | Bought a potion of heal wounds for 60 gold pieces
 19089 | D:12     | Found a staircase to the Orcish Mines.
 19351 | D:12     | Found a large runed translucent door.
 19352 | D:12     | Found a large runed translucent door.
 19364 | D:12     | Reached XP level 14. HP: 89/111 MP: 19/19
 19532 | D:12     | Reached skill level 1 in Shields
 19704 | D:12     | Reached ***** piety under Hepliaklqana
 20280 | D:12     | Reached skill level 17 in Unarmed Combat
 20281 | D:12     | Noticed qipq's ghost (journeyman FoEE)
 20769 | Orc:1    | Entered Level 1 of the Orcish Mines
 21021 | Orc:1    | Found a roughly hewn altar of Beogh.
 21158 | Orc:2    | Entered Level 2 of the Orcish Mines
 21270 | Orc:2    | Found Wavvuido's Magic Scroll Emporium.
 21780 | Orc:2    | Found Ytabruox's Distillery.
 21813 | Orc:2    | Mangled by a soul eater

Illustrated notes

Levels and vault maps discovered:
D:1:      scummos_arrival_simple_fountains, layout_basic,
          chequers_serial_rivers_small_3
D:2:      layout_rooms
D:3:      kennysheep_six_static_rooms, layout_basic, kennysheep_generic_room_3
D:4:      layout_basic, portal_sewer_entry_d, minmay_misc_feat_tiny
D:5:      layout_rooms, minmay_temple_entry_glassed_door, basic_altar
D:6:      layout_basic, kennysheep_little_box,
          chequers_temple_overflow_statue_of_worship
D:7:      layout_loops_ring, serial_shops, shop, uniq_maggie
D:8:      layout_cave_pools, lemuel_coloured_pillars_altar,
          minmay_lair_entry_grove
D:9:      layout_irregular_city, uniq_harold
D:10:     layout_stronghold, enter_trove_0, uniq_nergalle
D:11:     layout_roguey, serial_shops, shop_fountains, shop, shop, shop,
          makhleb_altar_promises_db, uniq_josephine
D:12:     layout_irregular_city, zombieorc1_lemuel, ebering_ghost_disaster_area,
          the_bakery
D:13:     layout_roguey, david_vaults_4, uniq_jorgrun
Lair:1:   layout_loops_ring, serial_forest, infiniplex_forest_lined_room_3,
          infiniplex_forest_clump_medium, infiniplex_forest_clump_curved,
          infiniplex_forest_lined_ring, infiniplex_forest_clump_medium,
          infiniplex_forest_clump_double, infiniplex_forest_clump_curved,
          portal_ice_cave_demonic_guard, grunt_megastairs_3, uniq_urug
Lair:2:   layout_chaotic_city, spider_nest_entry_funnel_web, st_stairs_3,
          uniq_gastronok, uniq_fannar
Lair:3:   layout_misc_corridors
Lair:4:   layout_misc_corridors, shoals_dummy_entry
Lair:5:   layout_cave_pods, slime_altar_1
Orc:1:    layout_diamond_mine, serial_shops, nicolae_shop_behind_doors,
          mines1_david
Orc:2:    pf_orc_diabolical, layout_diamond_mine

Skill      XL: |  1  2  3  4  5  6  7  8  9 10 11 12 13 14 |
---------------+-------------------------------------------+-----
Unarmed Combat | 4 5 6 7 8 9 10 12 13 15 16 17 | 17.1
Dodging        | 3 5 6 7 |  7.5
Evocations     | 3 5 |  5.1
Fighting       | 4 6 8 11 | 11.4
Armour         | 4 7 |  7.4
Invocations    | 3 8 9 |  9.0
Shields        | 3 |  3.4
Throwing       | |  1.7

Action                   |  1- 3 |  4- 6 |  7- 9 | 10-12 | 13-15 || total
-------------------------+-------+-------+-------+-------+-------++-------
Melee: Unarmed           |    99 |   244 |   422 |   612 |   616 ||  1993
       Punch             |       |     7 |    27 |    57 |    54 ||   145
Throw: Throwing net      |       |     1 |       |     4 |     1 ||     6
Invok: Ancestor Identity |       |       |     1 |       |       ||     1
       Ancestor Life: He |       |       |       |     1 |       ||     1
       Idealise          |       |       |       |       |     4 ||     4
       Recall Ancestor   |       |       |       |       |     1 ||     1
Evoke: Wand              |       |       |       |     2 |       ||     2
  Use: Scroll            |       |     7 |    11 |     6 |     8 ||    32
       Potion            |       |       |     3 |     1 |     1 ||     5
 Stab: Held in net/web   |       |     1 |       |       |     3 ||     4
       Distracted        |       |       |       |     6 |     8 ||    14
       Confused          |       |       |       |     1 |     2 ||     3
Armor: Leather armour    |    32 |    33 |    43 |       |       ||   108
       Acid dragon scale |       |       |    32 |       |       ||    32
       Chain mail        |       |       |    17 |   238 |   307 ||   562
Dodge: Dodged            |    71 |   168 |   359 |   313 |   336 ||  1247

Table legend: (Time is in decaauts)
 A = Elapsed time spent in this place.
 B = Non-inter-level travel time spent in this place.
 C = Inter-level travel time spent in this place.
 D = Time resting spent in this place.
 E = Time spent auto-exploring this place.
 F = Levels seen in this place.
 G = Mean time per level.
                   A        B        C        D        E       F      G
               +--------+--------+--------+--------+--------+-----+--------+
         Total |  21432 |  20483 |    949 |   5686 |  11371 |  22 |  974.2 |
       Dungeon |  13115 |  12426 |    689 |   2772 |   7693 |  13 | 1008.8 |
          Lair |   5573 |   5330 |    243 |   1804 |   2862 |   5 | 1114.6 |
  Orcish Mines |    997 |    981 |     16 |    380 |    357 |   2 |  498.5 |
         Sewer |    394 |    394 |      0 |      0 |    169 |   1 |  394.0 |
      Ice Cave |   1352 |   1352 |      0 |    730 |    290 |   1 | 1352.0 |
               +--------+--------+--------+--------+--------+-----+--------+

Top non-repeatable levels by time:
    D:12: 1720 daAuts
     D:7: 1610 daAuts
     D:9: 1513 daAuts
  Lair:1: 1480 daAuts
   IceCv: 1352 daAuts
    D:10: 1297 daAuts
  Lair:4: 1185 daAuts
  Lair:2: 1155 daAuts
    D:11: 1118 daAuts
     D:3: 1104 daAuts
     D:6: 1037 daAuts
     D:1: 941 daAuts
  Lair:5: 933 daAuts
     D:8: 930 daAuts
  Lair:3: 819 daAuts
